Cogmind - Beta 9.3 @@@ ROGUE MODE // 2019.12.21 @ 18:38:31 Player: Clifton Shawgrass Result: Destroyed by as-84291 with Assembled Blade Performance ------------- Evolutions (0) 0 Regions Visited (2) 400 Robots Destroyed (27) 135 Value Destroyed (321) 321 Prototype IDs (2) 40 Alien Tech Used (0) 0 Bonus (0) 0 TOTAL SCORE: 896 Bonus ------- None Cogmind --------- Core Integrity 0/250 Matter 247/300 Energy 100/100 System Corruption 0% Temperature Cool (0) Movement Core (100) Ox1 Location -10/Mines Parts ------- > --- POWER (1) -------- (None) > --- PROPULSION (2) --- (None) > --- UTILITY (2) ------ Small Storage Unit > --- WEAPON (2) ------- (None) > --- INVENTORY (6) ---- Improved Terrain Scanner Targeting Computer Targeting Computer Assault Rifle Assault Rifle Mining Laser Peak State ------------ > --- POWER ------------ Ion Engine > --- PROPULSION ------- Aluminum Leg Aluminum Leg > --- UTILITY ---------- Heat Sink Small Storage Unit > --- WEAPON ----------- Assault Rifle Rocket Launcher > --- INVENTORY -------- Improved Terrain Scanner Targeting Computer Targeting Computer Assault Rifle Assault Rifle Mining Laser [Rating: 8] Favorites ----------- Power Ion Engine Engine Ion Engine Propulsion Aluminum Leg Leg Aluminum Leg Wheel Compact Wheel Utility Small Storage Unit Device Heat Sink Storage Small Storage Unit Weapon Assault Rifle Energy Gun Medium Laser Ballistic Gun Assault Rifle Launcher Rocket Launcher Build | -11 -10 -10 ------- Run | Scr Mat Min Slots Evolved . | . . . Power . | . . . Propulsion . | . . . Utility . | . . . Weapon . | . . . Parts Attached 19 | 6 12 1 Power 1 | 1 . . Engine 1 | 1 . . Core . | . . . Reactor . | . . . Propulsion 7 | 2 5 . Treads . | . . . Leg 5 | . 5 . Wheel 2 | 2 . . Hover . | . . . Flight . | . . . Utility 4 | 1 3 . Device 2 | . 2 . Storage 2 | 1 1 . Processor . | . . . Hackware . | . . . Protection . | . . . Artifact . | . . . Weapon 7 | 2 4 1 Energy Gun 1 | 1 . . Energy Cannon . | . . . Ballistic Gun 5 | 1 4 . Ballistic Cannon . | . . . Launcher 1 | . . 1 Special Weapon . | . . . Impact Weapon . | . . . Slashing Weapon . | . . . Piercing Weapon . | . . . Special Melee Weapon . | . . . Unidentified Prototypes . | . . . Parts Lost 6 | . . 6 Power 1 | . . 1 Propulsion 2 | . . 2 Utility 1 | . . 1 Weapon 2 | . . 2 Highest Loss Streak 6 | . . 6 Average Slot Usage (%) 98 | . 97 100 Engine 14 | . 14 14 Leg 17 | . 16 28 Wheel 10 | . 12 . Device 12 | . 12 14 Storage 14 | . 14 14 Energy Gun 2 | . 2 . Ballistic Gun 25 | . 25 26 Naked Turns . | . . . Heaviest Build 45 | 13 45 14 Greatest Support 26 | 26 26 20 Greatest Overweight (x) 1 | . 1 . Average Overweight (x) . | . . . Largest Inventory Capacity 14 | 6 14 6 Average Capacity 5 | 5 6 6 Most Carried 6 | 3 6 6 Average Carried 5 | 1 5 6 Final Capacity 6 | 6 6 6 Final Carried 6 | 3 6 6 Class Distribution -------------------- 100% | Mutant Dominant Class ---------------- Mutant | -10/Materials Mutant | -10/Mines Resources | -11 -10 -10 ----------- Run | Scr Mat Min Matter Collected 588 | 208 324 56 Remotely . | . . . Salvage Created 398 | . 317 81 Parts 37 | . 33 4 Haulers Intercepted . | . . . Recyclers Shooed . | . . . Parts Field Recycled . | . . . Retrieved Matter . | . . . Parts Self-Destructed . | . . . Prevented . | . . . Kills | -11 -10 -10 ------- Run | Scr Mat Min Combat Hostiles Destroyed 24 | . 10 14 Guns 13 | . 10 3 AOE 11 | . . 11 Classes Destroyed 4 | . 3 1 Watcher 3 | . 3 . Swarmer 8 | . 5 3 Grunt 5 | . 5 . Assembled 11 | . . 11 Best Kill Streak 11 | . 4 11 Combat Bots Only 11 | . 3 11 Max Kills in Single Turn 5 | . 1 5 Gunslinging . | . . . Exploded 5 | . . 5 Melee . | . . . Uniques/NPCs Destroyed . | . . . Combat | -11 -10 -10 -------- Run | Scr Mat Min Damage Taken 945 | . 322 623 Core 259 | . 83 176 Absorbed by Shields . | . . . Core Remaining (%) 100 | 100 . . Volleys Fired 50 | . 37 13 Largest 2 | . 2 2 Hottest 70 | . 70 53 Shots Fired 95 | . 69 26 Gun 91 | . 69 22 Cannon . | . . . Launcher 4 | . . 4 Special . | . . . Kinetic 85 | . 63 22 Thermal 6 | . 6 . Explosive 4 | . . 4 Electromagnetic . | . . . Robot Hit Streak 7 | . 7 4 Robot Miss Streak 3 | . 3 3 Penetration Max . | . . . Secondary Targets 1 | . . 1 Max Gunslinging Chain 1 | . . 1 Shots Hit Robots 50 | . 38 12 Core Hits 43 | . 19 24 Critical Hits . | . . . Critical Kills . | . . . Critical Parts Destroyed . | . . . Melee Attacks . | . . . Impact . | . . . Slashing . | . . . Piercing . | . . . Sneak Attacks . | . . . Combat Hostiles . | . . . Follow-up Attacks . | . . . Damage Inflicted 1389 | . 477 912 Guns 601 | . 477 124 Cannons . | . . . Explosions 788 | . . 788 Melee . | . . . Ramming . | . . . Kinetic 565 | . 441 124 Thermal 36 | . 36 . Explosive 788 | . . 788 Electromagnetic . | . . . Impact . | . . . Slashing . | . . . Piercing . | . . . Highest Corruption . | . . . Average Corruption . | . . . Corruption Purged . | . . . Overload Shots . | . . . Overflow Damage 104 | . . 104 Projectiles . | . . . Explosions 104 | . . 104 Melee . | . . . Knockbacks . | . . . Impact . | . . . Kinetic . | . . . Secondary . | . . . Self-Inflicted Damage 85 | . . 85 Shots 2 | . . 2 Rammed . | . . . Targets Rammed . | . . . Kicked . | . . . Crushed . | . . . Highest Temperature 39 | . 39 7 Average Temperature 22 | . 23 7 Received Heat Transfer 121 | . 81 40 Siege Activations . | . . . Robots Corrupted . | . . . Combat Hostiles . | . . . Parts Fried . | . . . Impact Corruptions . | . . . Robots Melted . | . . . Combat Hostiles . | . . . Parts Melted . | . . . Heat Transferred 111 | . 111 . Parts Sabotaged . | . . . Parts Stolen . | . . . Parts Stripped . | . . . Power Chain Reactions . | . . . Missiles Intercepted . | . . . Alert | -11 -10 -10 ------- Run | Scr Mat Min Peak Influence 189 | . 189 161 Average Influence 110 | . 114 149 Maximum Alert Level . | . . . Low Security (%) 100 | 100 100 100 Level 1 . | . . . Level 2 . | . . . Level 3 . | . . . Level 4 . | . . . Level 5 . | . . . High Security . | . . . Max Security . | . . . Squads Dispatched 3 | . 3 . Investigation 1 | . 1 . Extermination . | . . . Reinforcement 2 | . 2 . Assault . | . . . Garrison . | . . . Intercept . | . . . Construction Impeded . | . . . Haulers Reinforced . | . . . Stealth | -11 -10 -10 --------- Run | Scr Mat Min Distress Signals . | . . . Communications Jammed . | . . . Distress Signals . | . . . Times Spotted 43 | . 20 23 Peak Tracking Total 19 | . 3 19 Tactical Retreats 1 | . 1 . Traps | -11 -10 -10 ------- Run | Scr Mat Min Traps Triggered 2 | . 2 . Indirectly . | . . . Trap Hack Attempts . | . . . Triggered . | . . . Disarmed . | . . . Reprogrammed . | . . . Reused . | . . . Traps Extracted . | . . . Installed . | . . . Triggered . | . . . Machines | -11 -10 -10 ---------- Run | Scr Mat Min Machines Disabled 1 | . . 1 Max in Single Turn 1 | . . 1 Machines Sabotaged . | . . . Garrisons Compromised . | . . . Overloaded Fab Kills . | . . . Fab Network Shutdowns . | . . . Hacking | -11 -10 -10 --------- Run | Scr Mat Min Machines Accessed 4 | . 4 . Terminals 4 | . 4 . Fabricators . | . . . Repair Stations . | . . . Recycling Units . | . . . Scanalyzers . | . . . Garrison Access . | . . . Total Hacks 14 | . 14 . Successful 11 | . 11 . Failed 3 | . 3 . Catastrophic . | . . . Database Lockouts . | . . . Manual 2 | . 2 . Terminals 14 | . 14 . Fabricators . | . . . Repair Stations . | . . . Recycling Units . | . . . Scanalyzers . | . . . Garrison Access . | . . . Terminal Hacks 11 | . 11 . Record 7 | . 7 . Robot Analysis 1 | . 1 . Prototype ID Bank 1 | . 1 . Zone Layout 2 | . 2 . Fabricator Hacks . | . . . Repair Station Hacks . | . . . Recycling Unit Hacks . | . . . Scanalyzer . | . . . Garrison Access Hacks . | . . . Unauthorized Hacks . | . . . Terminals . | . . . Fabricators . | . . . Repair Stations . | . . . Recycling Units . | . . . Scanalyzers . | . . . Garrison Access . | . . . Data Cores Recovered . | . . . Used . | . . . Hacking Detections 3 | . 3 . Full Trace Events 2 | . 2 . Feedback Events . | . . . Feedback Blocked . | . . . Robot Schematics Acquired . | . . . Robots Built . | . . . Matter . | . . . Time . | . . . Total Robot Build Rating . | . . . Part Schematics Acquired . | . . . Parts Built . | . . . Matter . | . . . Time . | . . . Total Part Build Rating . | . . . Parts Repaired . | . . . Time . | . . . Parts Recycled . | . . . Recycled Matter . | . . . Retrieved Matter . | . . . Retrieved Components . | . . . Parts Scanalyzed . | . . . Part Schematics Acquired . | . . . Parts Damaged . | . . . Bothacking | -11 -10 -10 ------------ Run | Scr Mat Min Used RIF Installer . | . . . Robots Hacked . | . . . Non-combat . | . . . Combat . | . . . Robot Hacks Applied . | . . . Relay Couplers Released . | . . . Robots Rewired . | . . . Allies Hacked . | . . . Hacks Repelled . | . . . Allies | -11 -10 -10 -------- Run | Scr Mat Min Total Allies . | . . . Largest Group . | . . . Highest-Rated Group . | . . . Highest-Rated Ally . | . . . Total Orders . | . . . Ally Attacks . | . . . Total Damage . | . . . Kills . | . . . Allies Corrupted . | . . . Allies Melted . | . . . Intel | -11 -10 -10 ------- Run | Scr Mat Min Robot Analysis Total 1 | . 1 . Derelict Logs Recovered . | . . . Drone Launches . | . . . Drone Recoveries . | . . . Exploration | -11 -10 -10 ------------- Run | Scr Mat Min Turns Passed 905 | 54 771 80 Spaces Moved 611 | 47 531 33 Core 7 | 7 . . Treads . | . . . Legs 313 | . 280 33 Wheels 291 | 40 251 . Hover . | . . . Flight . | . . . Fastest Speed 50 | 50 90 120 Average Speed 104 | 84 105 120 Slowest Speed 120 | 100 120 120 Overloaded Moves . | . . . Propulsion Burnouts . | . . . Robots Hopped . | . . . Cave-ins Triggered . | . . . Exploration Rate (%) 31 | 3 74 16 Regions Visited 2 Branch Regions 1 Pre-discovered Areas . | . . . Known Exits Taken . | . . . Unknown Exits Taken 2 | 1 1 . Scrap Searched . | . . . Spaces Dug . | . . . Terrain Destroyed 24 | . . 24 Melee . | . . . Projectile . | . . . AOE 24 | . . 24 Actions | -11 -10 -10 --------- Run | Scr Mat Min Total 783 | 58 678 47 Wait 79 | 3 76 . Move 609 | 46 530 33 Hop . | . . . Pick Up 12 | 3 9 . Fast Attach 9 | 6 3 . Attach 2 | . 2 . Detach 1 | . 1 . Swap 8 | . 7 1 Drop 13 | . 13 . Fire 50 | . 37 13 Melee . | . . . Ram . | . . . Kick . | . . . Crush . | . . . Escape Stasis . | . . . Rewire . | . . . Trap . | . . . Miscellaneous . | . . . Route ------- -11/Scrapyard -10/Materials (discovered 5 exits: [*Mat x3] / [*Min x2]) -10/Mines History --------- Turn | Location | Event 22 | -11/Scrapyard | Discovered new exit (range 16) 55 | -11/Scrapyard | Entered Materials 268 | -10/Materials | Discovered new exit (range 8) 330 | -10/Materials | Build established: Mutant 427 | -10/Materials | Discovered new exit (range 16) 653 | -10/Materials | Discovered new exit (range 15) 665 | -10/Materials | Discovered new exit (range 21) 782 | -10/Materials | Discovered new exit (range 12) 826 | -10/Materials | Entered Mines 849 | -10/Mines | Core integrity fell below 50% 888 | -10/Mines | Assembled infested the area 900 | -10/Mines | Core integrity fell below 20% 906 | -10/Mines | Destroyed by as-84291 with Assembled Blade Last Messages --------------- 00895_ Destroyed Asb. F-torch. 00898_ as-12596 destroyed. 00898_ Destroyed Asb. Hover Unit. 00898_ as-11730 destroyed. 00898_ as-22925 destroyed. 00898_ as-18646 destroyed. 00898_ as-28597 destroyed. 00901_ The unstable cave ceiling collapses. 00901_ as-35390 destroyed. 00901_ Ion Engine destroyed. 00901_ Destroyed Ion Engine. 00901_ as-20205 destroyed. 00901_ Destroyed Asb. F-torch. 00903_ Heat Sink destroyed. 00904_ as-83029 destroyed. 00904_ as-09511 destroyed. 00905_ as-96935 destroyed. 00905_ Aluminum Leg destroyed. 00906_ Rocket Launcher destroyed. 00906_ Assault Rifle destroyed. Map ----- +----------------------------------------------------+ | ????????????????????????????????????????????? | | ????????????????????????????????????????????? | | ????????????????????????????????????????????? | | ????????????????????????????????????????????? | | ?????????????????????????????????????##?????? | | ????????????????????????????????##??# ?????? | | ???????????????????????????????? ## ??????? | | ???????????????????????????????? ???????? | | ???????????????????????????????? ???????? | | ????????????????????????????????# ????????? | | ????????????????????????????????# #????????? | | ????????????????????? ??????????# #????????? | | ????????????????????? ?????????# #????????? | | ????????????????????? ??????#### #????????? | | ????????????????????? ??????# #????????? | | ?????????????????????# ??????# ## #????????? | | ?????????????????????# ?????# ## #????????? | | ????????????????????? ?????# ## #????????? | | ?????????????????????#$ ?????# ## #????????? | | ?????????????????????# ?????# ## #????????? | | ?????????????????????# ????# ## ########?? | | ???????????????????### ????# ## #?? | | ??????????????????## ????# ## """ """ #?? | | ??????????????????# ### # ## """ """ #?? | | ???????????????????# a # ## ""[ """ #?? | | ???????????????????# @ ## #?? | | ???????????????????## aa ##### = [""" #?? | | ???????????????????# % #???# = """ #?? | | ??????????????????# #??# """ #?? | | ????????????????? #??# #?? | | ??????????????? ??###########?? | | ??????????????# ?????????????? | | ?????????????# ## #????????????? | | ????????????? ??# #????????????? | | ????????????? ???####% a #????????????? | | ?????????????? ??????? a a #????????????? | | ?????????????????????? ### ????????????? | | ??????????????????????a #???###????????????? | | ??????????????????????a #???????????????????? | | ????????????????????? ????????????????????? | | ??????????????????????? ????????????????????? | | ????????????????????????????????????????????? | | ????????????????????????????????????????????? | | ????????????????????????????????????????????? | | ????????????????????????????????????????????? | | ????????????????????????????????????????????? | | ????????????????????????????????????????????? | | ????????????????????????????????????????????? | | ????????????????????????????????????????????? | | ????????????????????????????????????????????? | +----------------------------------------------------+ Best States ------------- Heat Dissipation 35 Energy Generation 10 Energy Capacity 250 Matter Stores 300 Matter Capacity 300 Sight Range 16 Terrain Scan Density 10 Evasion (%) 42 Item Schematics ----------------- None Robot Schematics ------------------ None Fabricated ------------ Nothing Alien Tech Used ----------------- None Achievements -------------- None Challenges ------------ None Game ------ Seed MobileCryofiberGuard Manual? 0 Play Time 00:14:43 Cumulative 2.3 hours Start 2019.12.17 @ 14:09:53 End 2019.12.21 @ 18:38:31 Sessions 3 Manual Loads 0 Difficulty Rogue Special Mode None Game No. 5 Rogue 5 Adventurer 0 Explorer 0 Win Type - Total 0 Types 0/0/0/0/0/0/0 Lore% 1 Gallery% 5 Achievement% 5 Wizard Run 0 Options --------- ASCII 0 Keyboard 1 Movement Numpad Keybinds 0 Fullscreen 2 Font 18/SmallcapsGlow Map View 76x50 Tactical HUD 1 Map Filters NONE Filters NONE Steam 1 RUN: e90682d4-1981-4aab-978b-be0593a0c0bf